 Dungeon Crawl Stone Soup version 0.24-a0-235-g3f03afc (webtiles) character file.

Game seed: 12191290284972926653

501 skittles the Spear-Bearer (level 7, -7/50 HPs)
             Began as a Merfolk Gladiator on Apr 9, 2019.
             Mangled by a wight
             ... wielding a +2 spear
              (10 damage)
             ... on level 4 of the Dungeon.
             The game lasted 00:08:03 (4605 turns).

skittles the Spear-Bearer (Merfolk Gladiator)       Turns: 4605, Time: 00:08:04

Health: -7/50      AC:  4    Str: 14    XL:     7   Next: 17%
Magic:  7/7        EV: 21    Int:  7    God:
Gold:   187        SH:  0    Dex: 23    Spells: 6/6 levels left

rFire    . . .     SeeInvis .   a - +1 trident
rCold    + . .     Gourm    .   (no shield)
rNeg     . . .     Faith    .   b - +0 leather armour
rPois    .         Spirit   .   c - +0 helmet
rElec    .         Reflect  .   (no cloak)
rCorr    .         Harm     .   (no gloves)
MR       .....                  (no boots)
Stlth    +++.......             (no amulet)
HPRegen  0.16/turn              e - ring of protection from cold
MPRegen  0.10/turn              (no ring)

@: agile, hasted, heavily drained, very quick
A: change form in water, swift swim, stealthy swim
a: no special abilities


You were on level 4 of the Dungeon.
You were not hungry.

You visited 1 branch of the dungeon, and saw 4 of its levels.

You collected 187 gold pieces.

Inventory:

Hand Weapons
 a - a +1 trident (weapon)
 m - a +0 shortbow of freezing
Missiles
 d - 3 throwing nets
 j - 2 tomahawks of returning (quivered)
Armour
 b - a +0 leather armour (worn)
 c - a +0 helmet (worn)
Jewellery
 e - a ring of protection from cold (left hand)
Wands
 l - a wand of acid (13)
Scrolls
 h - a scroll of identify
Potions
 i - 3 potions of haste
Comestibles
 f - 7 rations


   Skills:
 - Level 2.1(1.1) Fighting
 * Level 8.0(6.7) Polearms
 + Level 3.0(1.9) Throwing
 * Level 7.2(5.9) Dodging
 - Level 2.3(1.2) Stealth


You had 6 spell levels left.
You didn't know any spells.
Your spell library was empty.

Dungeon Overview and Level Annotations

Branches:
Dungeon (4/15)
 Temple: D:4-7

Altars:
Yredelemnul


Message History

You hit the wight.
The wight is severely damaged.
The wight hits you from afar with a +2 spear!
* * * LOW HITPOINT WARNING * * *
You hit the wight.
The wight is almost destroyed.
The wight barely misses you. The wight misses you. The wight barely misses you.
You puncture the wight!
You destroy the wight!
Your base Polearms skill increases to level 8!
Your base Throwing skill increases to level 3!
The wight barely misses you. The wight closely misses you.
There is a stone staircase leading up here.
Things that are here:
a +0 scimitar; a +0 robe The wight closely misses you.
The wight completely misses you.
The wight hits you from afar with a +2 spear!
You die...

....<#^...........
...##................
....#................
.....................
.........รท.........##
....................
.......z.<..####...
.###.z......#
##.@..#### #......#
#......# #......##
.........#
.$.....#....
........###...
....###.. ...


You could see 2 wights.

Vanquished Creatures
  2 wights (D:4)
  A vampire bat (D:3)
  2 hounds
  An orc wizard (D:3)
  4 gnolls
  8 adders
  An ooze (D:2)
  3 worms (D:2)
  2 dart slugs
  3 fire bats (D:3)
  A leopard gecko (D:2)
  11 orcs (D:3)
  2 spectral bats (D:3)
  3 bat skeletons (D:3)
  A bat zombie (D:3)
  5 giant cockroaches
  13 goblins
  9 hobgoblins
  7 kobolds
  4 ball pythons
  16 bats
  A bat simulacrum (D:3)
  3 frilled lizards
  A jackal skeleton (D:3)
  5 rats
109 creatures vanquished.

Notes
Turn   | Place    | Note
-------+----------+-------------------------------------------
     0 | D:1      | skittles the Merfolk Gladiator began the quest for the Orb.
     0 | D:1      | Reached XP level 1. HP: 16/16 MP: 1/1
   132 | D:1      | Reached XP level 2. HP: 22/22 MP: 2/2
   579 | D:2      | Found a basalt altar of Yredelemnul.
   592 | D:2      | Reached skill level 1 in Stealth
   636 | D:2      | Reached skill level 5 in Polearms
   843 | D:2      | Reached XP level 3. HP: 15/27 MP: 3/3
  1109 | D:2      | Reached skill level 5 in Dodging
  1274 | D:2      | Reached XP level 4. HP: 26/33 MP: 4/4
  1724 | D:2      | Reached skill level 6 in Polearms
  1750 | D:2      | Reached XP level 5. HP: 25/38 MP: 5/5
  3018 | D:3      | Reached XP level 6. HP: 42/44 MP: 6/6
  3098 | D:3      | Reached skill level 7 in Polearms
  4597 | D:4      | Reached XP level 7. HP: 16/50 MP: 7/7
  4600 | D:4      | HP: 2/50 [wight/+2 spear (7)]
  4602 | D:4      | Reached skill level 8 in Polearms
  4605 | D:4      | Mangled by a wight

Levels and vault maps discovered:
D:1:      minmay_arrival_statue_studded, layout_basic, st_stairs_3
D:2:      minmay_diamond_boxcup, layout_basic, first_ration,
          yredelemnul_altar_generic
D:3:      wad_crossroads, layout_rooms, goddamned_bats
D:4:      layout_cave_pools, lemuel_crystal_altar,
          chequers_temple_overflow_statue_of_worship, uniq_ijyb

Skill      XL: |  1  2  3  4  5  6  7 |
---------------+----------------------+-----
Stealth        | 1 2 |  2.3
Polearms       | 5 6 7 8 |  8.0
Dodging        | 5 6 7 |  7.2
Throwing       | 3 |  3.0
Fighting       | |  2.1

Action                   |  1- 3 |  4- 6 |  7- 9 || total
-------------------------+-------+-------+-------++-------
Melee: Trident           |    84 |   331 |     5 ||   420
Throw: Tomahawk          |       |     2 |       ||     2
  Use: Scroll            |       |     5 |       ||     5
       Potion            |       |     2 |       ||     2
 Stab: Distracted        |     1 |       |       ||     1
       Sleeping          |       |     9 |       ||     9
  Eat: Chunk             |     1 |     8 |       ||     9
       Ration            |       |     2 |       ||     2
Armor: Leather armour    |    20 |    78 |       ||    98
Dodge: Dodged            |    52 |   268 |     9 ||   329

Table legend:
 A = Non-vault XP
 B = Vault XP
 C = Vault XP percentage of total XP
 D = Non-vault monster count
 E = Vault monster count
 F = Vault count percentage of total count
                 A         B        C        D         E       F
            +---------+---------+-------+---------+---------+-------
      Total |     493 |     224 |  31.2 |      75 |      34 |  31.2
            +---------+---------+-------+---------+---------+-------
        D:1 |      16 |       5 |  23.8 |       9 |       3 |  25.0
        D:2 |     119 |      41 |  25.6 |      29 |       7 |  19.4
        D:3 |     200 |     178 |  47.1 |      33 |      24 |  42.1
        D:4 |     158 |       0 |   0.0 |       4 |       0 |   0.0
            +---------+---------+-------+---------+---------+-------
